 Dungeon Crawl Stone Soup version 0.30-a0-364-gf6b3ef1049 (webtiles) character file.

Game seed: 7708162896769991796

16874 runemasterragnar the Thaumaturge (level 12, -5/68 HPs)
             Began as a Deep Elf Conjurer on Nov 15, 2022.
             Was a High Priest of Vehumet.
             Slain by a death yak (25 damage)
             ... on level 2 of the Lair of Beasts on Nov 16, 2022.
             The game lasted 00:39:57 (13390 turns).

runemasterragnar the Thaumaturge (DECj)            Turns: 13390, Time: 00:39:57

Health: -5/68      AC:  9    Str:  8    XL:     12   Next: 13%
Magic:  11/37      EV: 14    Int: 32    God:    Vehumet [*****.]
Gold:   480        SH:  5    Dex: 11    Spells: 8/32 levels left

rFire   + . .      SeeInvis +    x - +7 war axe of Dups {freeze, rPois MP+9 Int+7 Dex-2}
rCold   . . .      Faith    +    H - +0 buckler
rNeg    . . .      Spirit   .    a - +0 robe
rPois   +          Reflect  .    Q - +1 hat {SInv}
rElec   .          Harm     .    (no cloak)
rCorr   .          Rampage  .    (no gloves)
Will    +....                    q - +1 pair of boots
Stlth   ++++......               G - amulet of faith
HPRegen 0.31/turn                k - +4 ring of protection
MPRegen 0.25/turn                R - ring of protection from fire

@: no status effects
A: no striking features
a: Renounce Religion


You were on level 2 of the Lair of Beasts.
You worshipped Vehumet.
Vehumet was extremely pleased with you.
You visited 2 branches of the dungeon, and saw 13 of its levels.
You also visited: Ossuary.

You collected 755 gold pieces.
You spent 275 gold pieces at shops.

Inventory:

Hand Weapons
 d - a +0 spear
 f - a +1 trident of flaming
 r - a +0 falchion of venom
 x - the +7 war axe of Dups (weapon) {freeze, rPois MP+9 Int+7 Dex-2}
   (You found it on level 5 of the Dungeon)

   It freezes those it strikes, dealing additional cold damage.
   It can also slow down cold-blooded creatures.
   Int:       It affects your intelligence (+7).
   Dex:       It affects your dexterity (-2).
   rPois:     It protects you from poison.
   MP:        It affects your magic capacity (+9).
Missiles
 w - 28 stones
Armour
 a - a +0 robe (worn)
 l - an orb of guile
 n - a +2 hat
 q - a +1 pair of boots (worn)
 y - a +0 kite shield
 H - a +0 buckler (worn)
 L - the +1 helmet of the Other Side {*Slow Dex+4}
   (You bought it in a shop on level 7 of the Dungeon)

   Dex:       It affects your dexterity (+4).
   *Slow:     It may slow you when you take damage.
 N - a scarf of harm
 Q - a +1 hat of see invisible (worn)
Jewellery
 k - a +4 ring of protection (left hand)
 s - a +6 ring of strength
 G - an amulet of faith (around neck)
 J - an amulet of magic regeneration
 P - a ring of willpower
 R - a ring of protection from fire (right hand)
Wands
 g - a wand of mindburst (2)
 K - a wand of paralysis (2)
 O - a wand of iceblast (7)
 T - a wand of light (7)
 U - a wand of flame (27)
Scrolls
 c - 2 scrolls of vulnerability
 e - a scroll of blinking
 j - a scroll of immolation
 p - 2 scrolls of teleportation
 z - a scroll of magic mapping
 D - 2 scrolls of poison
 F - 2 scrolls of silence
 M - 2 scrolls of fear
 X - a scroll of brand weapon
Potions
 b - a potion of magic
 h - 2 potions of lignification
 i - 6 potions of curing
 m - a potion of invisibility
 o - 2 potions of degeneration
 t - a potion of cancellation
 u - 2 potions of heal wounds {unknown}
 v - 2 potions of resistance
 A - 2 potions of might {unknown}
 B - a potion of mutation {unknown}
 C - a potion of attraction
 E - 3 potions of brilliance {unknown}
 I - 3 potions of haste {unknown}
 S - a potion of flight {unknown}
 V - a potion of berserk rage {unknown}


   Skills:
 - Level 5.3 Fighting
 - Level 8.4 Dodging
 + Level 9.8 Stealth
 - Level 4.5 Shields
 * Level 10.7 Spellcasting
 + Level 10.7 Conjurations
 - Level 6.0 Hexes
 + Level 4.4 Translocations
 + Level 7.7 Earth Magic


You had 8 spell levels left.
You knew the following spells:

 Your Spells              Type           Power      Damage    Failure   Level
a - Magic Dart            Conj           100%       1d8       1%          1
b - Searing Ray           Conj           100%       2d8       1%          2
c - Dazzling Flash        Conj/Hex       100%       N/A       1%          3
d - Fulminant Prism       Conj/Hex       31%        3d15      1%          4
e - Stone Arrow           Conj/Erth      100%       3d13      1%          3
f - Sandblast             Erth           100%       2d20      1%          1
g - Tukima's Dance        Hex            54%        N/A       1%          3
h - Blink                 Tloc           90%        N/A       1%          2
i - Lee's Rapid Deconstr  Erth           30%        3d16*     1%          5

Your spell library contained the following spells:

 Spells                   Type           Power      Damage    Failure   Level
 Iskenderun's Battlesphe  Conj           72%        2d12      1%          5
 Passwall                 Tmut/Erth      34%        N/A       1%          2
 Portal Projectile        Hex/Tloc       100%       N/A       1%          3
 Iskenderun's Mystic Bla  Conj/Tloc      60%        2d13      1%          4
 Irradiate                Conj/Tmut      25%        3d20      3%          5
 Cigotuvi's Dreadful Rot  Necr/Pois/Air  34%        N/A       5%          2
 Manifold Assault         Tloc           45%        N/A       6%          4
 Dispel Undead            Necr           17%        3d10      34%         4
 Blade Hands              Tmut           8%         N/A       69%         5
 Death Channel            Necr           8%         N/A       99%         6
 Dragon Form              Tmut           8%         N/A       100%        7
 Storm Form               Tmut/Air       8%         N/A       100%        7


Dungeon Overview and Level Annotations

Branches:
Dungeon (10/15)            Temple (0/1) D:4            Lair (3/5) D:9
 Spider (0/4) Lair:2      Ossuary (visited)
  Swamp: Lair:2-3    Shoals: Lair:2-3       Orc: D:9-12

Altars:
Cheibriados
Dithmenos
Nemelex Xobeh
Qazlal
Ru
Sif Muna
Uskayaw
Vehumet
Wu Jian
Xom
Zin

Shops:
D:2 *   D:7 [


Message History

Your fulminant prism crackles loudly.
Your fulminant prism explodes!
The blast of energy engulfs the death yak!
The death yak is moderately wounded.
You hear an angry hiss.
You hear a loud, deep croak!
You hear a croak.
Unknown command.
Casting: Fulminant Prism (safe; 1% risk of failure)
Confirm with . or Enter, or press ? or * to list all spells.
Aiming: Fulminant Prism (safe; 1% risk of failure)
Press: ? - help, Dir - move target You conjure a prism of explosive energy!
A fulminant prism comes into view.
Your fulminant prism crackles loudly.
Your fulminant prism explodes!
The blast of energy engulfs the death yak!
The death yak is heavily wounded.
You hear a croak.
You hear a loud, deep croak!
Casting: Fulminant Prism (safe; 1% risk of failure)
Confirm with . or Enter, or press ? or * to list all spells.
Aiming: Fulminant Prism (safe; 1% risk of failure)
Press: ? - help, Dir - move target You conjure a prism of explosive energy!
A fulminant prism comes into view.
Found a leather armour.
Your fulminant prism crackles loudly.
Your fulminant prism explodes!
The blast of energy engulfs the death yak!!!
The death yak is almost dead.
Casting: Fulminant Prism (safe; 1% risk of failure)
Confirm with . or Enter, or press ? or * to list all spells.
Aiming: Fulminant Prism (safe; 1% risk of failure)
Press: ? - help, Dir - move target You conjure a prism of explosive energy!
A fulminant prism comes into view.
The death yak gores you! The death yak gores you!!
* * * LOW HITPOINT WARNING * * *
Your fulminant prism crackles loudly.
The death yak attacks as you move away! The death yak gores you!!
You die...

.~~.~.####......#P# **#*,,,,,*,*,
(~.~~## #......#####..,,,,,..***
..~~~.#**#......#.....$,...,,....
>......P*#.......#...#*#.....#P..
..~~~...##...........#*#.....*.>.
,~,~~,,*#.........P..#*......##..
,~~,~,,*#.......######*#.....#..#
,~~~,,,*#.....*Y### *.......#..
,,,*,***#.......@.#****P.........
,,,,*,,*#........................
,,,,,,,,..............[.......<..
*,**,**,##.#P#.####.######.P.###.
*******,*######* *.# ###** ## ***
**#


You could see a death yak (ally target) and a friendly fulminant prism.

Vanquished Creatures
  Gastronok (D:8)
  A two-headed ogre (D:9)
  An ugly thing (D:9)
  A cyclops (D:7)
  3 molten gargoyles (D:9)
  6 cane toads (Lair:1)
  A gargoyle (D:10)
  A kobold demonologist (D:9)
  A komodo dragon (Lair:1)
  A polar bear (Lair:2)
  5 blink frogs (Lair:2)
  Grinder (D:6)
  2 dancing weapons (D:9)
  A wraith (D:9)
  21 yaks
  2 steam dragons
  8 water moccasins
  2 sky beasts
  3 ice beasts
  6 orc warriors
  A black bear (D:8)
  4 ogres
  A centaur (D:8)
  A phantom (D:6)
  2 scorpions
  An elf zombie (Ossuary)
  3 bullfrogs
  A gnoll sergeant (D:5)
  11 wights
  18 killer bees
  An electric eel (Lair:1)
  4 howler monkeys
  2 jellies
  5 centaur zombies (Ossuary)
  6 human zombies (Ossuary)
  6 hounds
  12 orc priests
  5 iguanas
  9 orc wizards
  A hell rat (Lair:2)
  3 mummies (Ossuary)
  Robin (D:4)
  6 gnolls
  8 adders
  3 shadow imps
  6 white imps
  An ufetubus (D:4)
  3 worms
  A dart slug (D:2)
  46 orcs
  5 bats
  7 endoplasms
  2 giant cockroaches (D:4)
  10 goblins
  9 hobgoblins
  4 jackals (D:2)
  5 quokkas
  10 ball pythons
  4 frilled lizards
  A goblin zombie (D:5)
  10 kobolds
  A quokka zombie (D:5)
  7 rats
315 creatures vanquished.

Vanquished Creatures (collateral kills)
  A molten gargoyle (D:9)
  A wight (D:9)
  An orc (D:10)
3 creatures vanquished.

Vanquished Creatures (others)
  2 dancing weapons
  An adder (D:5)
  44 fulminant prisms
  11 fungi
  18 plants
76 creatures vanquished.

Grand Total: 394 creatures vanquished

Notes
Turn   | Place    | Note
-------+----------+-------------------------------------------
     0 | D:1      | runemasterragnar the Deep Elf Conjurer began the quest for
                  | the Orb.
     0 | D:1      | Reached XP level 1. HP: 10/10 MP: 6/6
   191 | D:1      | Reached XP level 2. HP: 15/15 MP: 4/8
   933 | D:2      | Reached XP level 3. HP: 20/20 MP: 5/9
  1087 | D:2      | Found Pukin's Assorted Antiques.
  1206 | D:2      | Reached skill level 5 in Conjurations
  1265 | D:2      | Learned a level 2 spell: Searing Ray
  1304 | D:2      | Reached skill level 1 in Fighting
  1643 | D:2      | Reached XP level 4. HP: 25/25 MP: 6/11
  1833 | D:3      | Learned a level 3 spell: Dazzling Flash
  2162 | D:3      | Found a radiant altar of Vehumet.
  2172 | D:3      | Became a worshipper of Vehumet
  2429 | D:4      | Found a staircase to the Ecumenical Temple.
  2442 | D:4      | Reached skill level 1 in Hexes
  2442 | D:4      | Reached XP level 5. HP: 29/29 MP: 6/12
  2584 | D:4      | Learned a level 4 spell: Fulminant Prism
  2637 | D:4      | Noticed Robin
  2761 | D:4      | Killed Robin
  2903 | D:4      | Reached * piety under Vehumet
  2903 | D:4      | Offered knowledge of Kiss of Death by Vehumet.
  2904 | D:4      | Reached XP level 6. HP: 34/34 MP: 12/14
  3570 | D:4      | Learned a level 3 spell: Stone Arrow
  3607 | D:5      | Entered Level 5 of the Dungeon
  3613 | D:5      | Identified the +7 war axe of Dups {freeze, rPois MP+9 Int+7
                  | Dex-2}
  3640 | D:5      | Found a glowing silver altar of Zin.
  3640 | D:5      | Noticed an angel
  3648 | D:5      | Found a sand-covered staircase.
  3655 | Ossuary  | Entered an ossuary
  3697 | Ossuary  | Reached XP level 7. HP: 39/40 MP: 15/16
  3990 | Ossuary  | Reached skill level 5 in Spellcasting
  4045 | Ossuary  | Learned a level 1 spell: Sandblast
  4274 | D:5      | Reached skill level 5 in Stealth
  4367 | D:5      | Found a shimmering altar of Xom.
  4444 | D:5      | Reached XP level 8. HP: 45/45 MP: 18/18
  4714 | D:5      | Reached ** piety under Vehumet
  4715 | D:5      | Reached skill level 5 in Dodging
  5027 | D:5      | Offered knowledge of Momentum Strike by Vehumet.
  5436 | D:6      | Found an ornate altar of the Wu Jian Council.
  5436 | D:6      | Found a shimmering blue altar of Sif Muna.
  5436 | D:6      | Found a sparkling altar of Nemelex Xobeh.
  5436 | D:6      | Found a snail-covered altar of Cheibriados.
  5584 | D:6      | Reached skill level 1 in Shields
  5690 | D:6      | Reached skill level 5 in Hexes
  5690 | D:6      | Reached skill level 1 in Earth Magic
  5733 | D:6      | Reached XP level 9. HP: 49/51 MP: 14/20
  6499 | D:6      | Noticed Grinder
  6505 | D:6      | Killed Grinder
  6516 | D:6      | Offered knowledge of Inner Flame by Vehumet.
  6657 | D:6      | Found a stormy altar of Qazlal.
  6962 | D:7      | Noticed a cyclops
  6968 | D:7      | Killed a cyclops
  7304 | D:7      | Reached skill level 5 in Earth Magic
  7306 | D:7      | Reached *** piety under Vehumet
  7352 | D:7      | Reached XP level 10. HP: 56/56 MP: 16/22
  7544 | D:7      | Found Nuyskexu's Antique Armour Boutique.
  7549 | D:7      | Bought a smoking helmet for 275 gold pieces
  7549 | D:7      | Identified the +1 helmet of the Other Side {*Slow Dex+4}
                  | (You bought it in a shop on level 7 of the Dungeon)
  8110 | D:8      | Noticed Gastronok
  8138 | D:8      | Killed Gastronok
  8150 | D:8      | Offered knowledge of Frozen Ramparts by Vehumet.
  8618 | D:8      | Found a shadowy altar of Dithmenos.
  8630 | D:8      | Learned a level 3 spell: Tukima's Dance
  8633 | D:8      | Learned a level 2 spell: Blink
  8943 | D:9      | Noticed a two-headed ogre
  8948 | D:9      | Killed a two-headed ogre
  8951 | D:9      | Found a staircase to the Lair.
  9047 | D:9      | Reached **** piety under Vehumet
  9251 | D:9      | Noticed a white ugly thing
  9268 | D:9      | Killed a white ugly thing
  9340 | D:9      | Noticed a molten gargoyle
  9344 | D:9      | Noticed a molten gargoyle
  9467 | D:9      | Noticed a molten gargoyle
  9579 | D:9      | Noticed a molten gargoyle
  9587 | D:9      | Killed a molten gargoyle
  9779 | D:9      | Offered knowledge of Lee's Rapid Deconstruction by Vehumet.
 10096 | D:9      | Killed a molten gargoyle
 10097 | D:9      | Reached XP level 11. HP: 30/62 MP: 11/25
 10640 | D:9      | Found a sacrificial altar of Ru.
 10671 | D:9      | Learned a level 5 spell: Lee's Rapid Deconstruction
 10863 | D:9      | Reached skill level 5 in Fighting
 11167 | D:10     | Entered Level 10 of the Dungeon
 11174 | D:10     | Reached skill level 10 in Conjurations
 11180 | D:10     | Reached skill level 1 in Translocations
 11551 | D:10     | Found a hide-covered altar of Uskayaw.
 11801 | D:10     | Reached ***** piety under Vehumet
 11989 | D:10     | Offered knowledge of Iskenderun's Battlesphere by Vehumet.
 12213 | D:10     | Noticed a yaktaur captain
 12280 | Lair:1   | Entered Level 1 of the Lair of Beasts
 12379 | Lair:1   | Reached skill level 10 in Spellcasting
 12648 | Lair:1   | Reached XP level 12. HP: 68/68 MP: 5/28
 13240 | Lair:2   | Noticed a death yak
 13336 | Lair:2   | Found a hole to the Spider Nest.
 13390 | Lair:2   | Slain by a death yak

Illustrated notes

Levels and vault maps discovered:
D:1:      minmay_arrival_stair_chambers, layout_rooms, minmay_pentomino_s4
D:2:      layout_rooms, serial_shops, shop, grunt_ministairs_12,
          serial_bayou_pond_d, st_stairs_6, minmay_misc_feat_rows,
          kennysheep_generic_room_15
D:3:      layout_rooms, mainiacjoe_overflow_tiny_flanked, minmay_circle_x
D:4:      layout_gridville, minmay_temple_entry_tees, grunt_ministairs_8,
          uniq_robin
D:5:      layout_cave_pods, grunt_temple_overflow_order_and_chaos_1,
          enter_ossuary_4
D:6:      cheibrodos_helix_gallery, layout_loops_corners,
          lemuel_coloured_pillars_altar, grunt_temple_overflow_cloverleaf,
          uniq_grinder
D:7:      layout_basic, serial_shops, nicolae_shop_waterfront
D:8:      layout_cave_pools, mainiacjoe_overflow_boulevard, uniq_gastronok
D:9:      layout_grid_maze, nicolae_ru_path_of_blood, lair_entry_dummy,
          minivault_8
D:10:     layout_roguey [special_room_orc], eat_drink_and_be_merry_uskayaw,
          kennysheep_cluttered_room, nicolae_rejected_hall
Lair:1:   layout_cave_shapes, serial_bayou_ford_a, serial_bayou_pond_e,
          beast_lair_carwin_4
Lair:2:   layout_regular_city, spider_nest_entry_a,
          nicolae_volcano_entry_hallway, kennysheep_abandoned_house
Lair:3:   layout_chaotic_city, palyth_hydra_swamp_entry,
          nicolae_lair_grazing_beasts [nicolae_sub_lair_graze_edge,
          nicolae_sub_lair_graze_edge, nicolae_sub_lair_graze_edge,
          nicolae_sub_lair_graze_edge], grunt_megastairs_5

Skill      XL: |  1  2  3  4  5  6  7  8  9 10 11 |
---------------+----------------------------------+-----
Stealth        | 3 4 5 7 8 9 |  9.8
Conjurations   | 5 6 7 8 9 10 | 10.7
Fighting       | 1 2 3 4 5 |  5.3
Dodging        | 3 4 5 6 7 8 |  8.4
Hexes          | 1 2 3 5 6 |  6.0
Spellcasting   | 4 5 6 7 8 10 | 10.7
Shields        | 1 2 4 |  4.5
Earth Magic    | 2 5 6 7 |  7.7
Translocations | 4 |  4.4

Action                   |  1- 3 |  4- 6 |  7- 9 | 10-12 || total
-------------------------+-------+-------+-------+-------++-------
Melee: Spear             |     5 |       |       |       ||     5
       Trident           |     4 |       |       |       ||     4
       Falchion          |       |    19 |       |       ||    19
       War axe           |       |     7 |    51 |    50 ||   108
       Punch             |       |       |     1 |       ||     1
 Cast: Magic Dart        |    78 |    82 |    85 |    31 ||   276
       Searing Ray       |     2 |     5 |    23 |    14 ||    44
       Stone Arrow       |       |     1 |    37 |    71 ||   109
       Fulminant Prism   |       |       |    13 |    32 ||    45
       Sandblast         |       |       |     5 |     6 ||    11
       Dazzling Flash    |       |       |     1 |    11 ||    12
       Tukima's Dance    |       |       |       |    21 ||    21
       Blink             |       |       |       |     5 ||     5
       Lee's Rapid Decon |       |       |       |    33 ||    33
Evoke: Wand              |       |       |       |     8 ||     8
  Use: Scroll            |     2 |     8 |     3 |    14 ||    27
 Stab: Sleeping          |       |     1 |     1 |       ||     2
       Paralysed         |       |       |       |     5 ||     5
Armor: Robe              |     2 |    19 |    49 |    25 ||    95
Dodge: Dodged            |    12 |    35 |    78 |    74 ||   199
Block: Kite shield       |       |       |     1 |       ||     1
       Buckler           |       |       |     8 |    15 ||    23

Table legend: (Time is in decaauts)
 A = Elapsed time spent in this place.
 B = Non-inter-level travel time spent in this place.
 C = Inter-level travel time spent in this place.
 D = Time resting spent in this place.
 E = Time spent auto-exploring this place.
 F = Levels seen in this place.
 G = Mean time per level.
                   A        B        C        D        E       F      G
               +--------+--------+--------+--------+--------+-----+--------+
         Total |  13462 |  13033 |    429 |   1822 |   9086 |  14 |  961.6 |
       Dungeon |  11775 |  11370 |    405 |   1647 |   8059 |  10 | 1177.5 |
          Lair |   1125 |   1102 |     23 |      6 |    768 |   3 |  375.0 |
       Ossuary |    561 |    561 |      0 |    169 |    259 |   1 |  561.0 |
               +--------+--------+--------+--------+--------+-----+--------+

Top non-repeatable levels by time:
     D:9: 2563 daAuts
     D:6: 1393 daAuts
     D:7: 1340 daAuts
     D:5: 1186 daAuts
     D:4: 1183 daAuts
     D:8: 1069 daAuts
  Lair:1: 958 daAuts
     D:1: 894 daAuts
     D:2: 887 daAuts
     D:3: 646 daAuts
    D:10: 611 daAuts
 Ossuary: 561 daAuts
  Lair:2: 165 daAuts
  Lair:3: 1 daAuts
